 Dungeon Crawl Stone Soup version 0.29-a0-359-g541a27f54d (webtiles) character file.

Game seed: 6719304760201097218

797 NinjaNoafa the Bolt Thrower (level 8, -4/48 HPs)
             Began as a Kobold Hunter on Apr 27, 2022.
             Slain by an ice beast (11 damage)
             ... on level 5 of the Dungeon.
             The game lasted 00:07:22 (3612 turns).

NinjaNoafa the Bolt Thrower (Kobold Hunter)         Turns: 3612, Time: 00:07:23

Health: -4/48      AC:  3    Str: 10    XL:     8   Next: 13%
Magic:  8/8        EV: 17    Int: 11    God:
Gold:   236        SH:  0    Dex: 20    Spells: 7/7 levels left

rFire   . . .      SeeInvis .   m - +2 whip (venom)
rCold   . . .      Faith    .   (no shield)
rNeg    . . .      Spirit   .   b - +0 leather armour
rPois   .          Reflect  .   (no helmet)
rElec   .          Harm     .   (no cloak)
rCorr   .          Rampage  .   (no gloves)
Will    .....                   (no boots)
Stlth   ++++......              (no amulet)
HPRegen 0.16/turn               (no ring)
MPRegen 0.11/turn               (no ring)

@: no status effects
A: small, no large weapons, nightstalker 3, strong 1, MP-powered wands
a: no special abilities


You were on level 5 of the Dungeon.
You visited 1 branch of the dungeon, and saw 4 of its levels.

You collected 264 gold pieces.
You spent 28 gold pieces at shops.

Inventory:

Hand Weapons
 a - a +1 hand crossbow
 m - a +2 whip of venom (weapon)
 n - a +0 rapier
Missiles
 d - 4 boomerangs of dispersal
Armour
 b - a +0 leather armour (worn)
Jewellery
 j - a +4 ring of evasion
Wands
 e - a wand of charming (6)
Scrolls
 c - 2 scrolls of immolation
 g - a scroll of holy word {unknown}
 k - 2 scrolls of teleportation
Potions
 f - a potion of flight
 h - a potion of degeneration
 l - 2 potions of attraction


   Skills:
 + Level 4.8 Fighting
 - Level 3.0 Short Blades
 + Level 7.5 Crossbows
 + Level 5.3 Dodging
 + Level 6.0 Stealth


You had 7 spell levels left.
You didn't know any spells.
Your spell library contained the following spells:

 Spells                   Type           Power      Damage    Failure   Level
 Beastly Appendage        Tmut           0%         N/A       43%         1
 Wereblood                Tmut           0%         N/A       58%         2
 Spider Form              Tmut/Pois      0%         N/A       82%         3


Dungeon Overview and Level Annotations

Branches:
Dungeon (3/15)

Altars:

Shops:
D:2 ??*


Innate Abilities, Weirdness & Mutations

You are small and have problems with some larger weapons.
You are completely attuned to the shadows.
Your muscles are strong. (Str +2)
You expend magic power (3 MP) to strengthen your wands.


Message History

You see here a +0 long sword.
Found a battleaxe.
You see here a +0 battleaxe.
g - a scroll labelled UPLO MACSELYECIRI An ice beast comes into view.
A hound comes into view.
The ice beast barely misses you.
The hound moves out of view.
You completely miss the ice beast. The ice beast hits you.
The ice beast freezes you!
You hit the ice beast but do no damage. The ice beast barely misses you.
You hit the ice beast.
The ice beast is lightly wounded.
The ice beast barely misses you.
You hit the ice beast but do no damage.
The ice beast is lightly wounded.
The ice beast hits you but does no damage.
You hit the ice beast but do no damage.
The ice beast is lightly wounded.
The ice beast hits you. The ice beast freezes you!
You hit the ice beast but do no damage.
The ice beast is lightly wounded.
The ice beast hits you but does no damage.
You hit the ice beast.
The ice beast is lightly wounded.
The ice beast hits you. The ice beast freezes you!
You barely miss the ice beast.
The ice beast is lightly wounded.
The ice beast closely misses you.
You hit the ice beast but do no damage.
The ice beast is lightly wounded.
The ice beast hits you but does no damage. x2
You whack the ice beast!
The ice beast is heavily wounded.
The ice beast hits you. The ice beast freezes you!
* * * LOW HITPOINT WARNING * * *
The ice beast attacks as you move away! The ice beast completely misses you.
The ice beast attacks as you move away! The ice beast hits you.
* * * LOW HITPOINT WARNING * * *
The ice beast freezes you!
You die...

.###......[..#♣.8####.###
.....####.#..#...####.##
.#.# #.#..#♣.8#..†..# #.#
#.##.#...####..# #.#
#....#8.♣#.....# #.#
#.##.#...#####.# ... ...
#.#♣.♣# #.###### ####
#Y#...# #......# #@#♣.♣#
######.# #######.#...#
#......# #.......#♣.8#
#.###### #.#######...#
#.# #.# #♣.♣# #†# #.#
#...# #.###### #.# #♣.8#
#....... #.# #...#
######## #.# .# #♣.♣#


You could see an ice beast.

Vanquished Creatures
  2 ice beasts (D:5)
  A black bear (D:5)
  4 scorpions
  An orc priest (D:3)
  3 iguanas (D:5)
  An orc wizard (D:5)
  4 gnolls (D:5)
  3 adders
  A white imp (D:5)
  A worm (D:2)
  4 dart slugs
  9 orcs
  11 ball pythons
  5 bats (D:1)
  4 endoplasms
  4 goblins
  7 hobgoblins
  A jackal (D:2)
  2 quokkas
  4 frilled lizards
  5 kobolds
  8 rats
85 creatures vanquished.

Notes
Turn   | Place    | Note
-------+----------+-------------------------------------------
     0 | D:1      | NinjaNoafa the Kobold Hunter began the quest for the Orb.
     0 | D:1      | Reached XP level 1. HP: 12/12 MP: 1/1
    59 | D:1      | Reached XP level 2. HP: 17/18 MP: 2/2
   200 | D:1      | Found a faded altar of an unknown god.
   241 | D:1      | Reached XP level 3. HP: 13/22 MP: 3/3
   937 | D:2      | Found Jonuz's Magic Scroll Shop.
  1137 | D:2      | Reached XP level 4. HP: 15/27 MP: 4/4
  1365 | D:2      | Found Muaczo's General Store.
  1554 | D:2      | Found Ynypt's Magic Scroll Shop.
  1578 | D:2      | Bought a scroll of identify for 28 gold pieces
  1838 | D:3      | Gained mutation: Your muscles are strong. (Str +2) [potion
                  | of mutation]
  1838 | D:3      | Gained mutation: You expend magic power (3 MP) to
                  | strengthen your wands. [potion of mutation]
  2214 | D:3      | Noticed a scorpion
  2222 | D:3      | Killed a scorpion
  2223 | D:3      | Reached skill level 1 in Short Blades
  2223 | D:3      | Reached skill level 6 in Crossbows
  2223 | D:3      | Reached XP level 5. HP: 29/32 MP: 5/5
  2497 | D:3      | You fall into a shaft and drop 2 floors!
  2497 | D:5      | Entered Level 5 of the Dungeon
  2548 | D:5      | Reached XP level 6. HP: 37/37 MP: 6/6
  2704 | D:5      | Reached XP level 7. HP: 42/42 MP: 7/7
  2783 | D:5      | Reached skill level 5 in Stealth
  3138 | D:5      | Reached skill level 7 in Crossbows
  3200 | D:5      | Reached skill level 5 in Dodging
  3226 | D:5      | Reached XP level 8. HP: 7/48 MP: 8/8
  3612 | D:5      | Slain by an ice beast

Illustrated notes

Levels and vault maps discovered:
D:1:      minmay_arrival_shoal_huts, layout_rooms,
          chequers_ecumenical_altar_simple
D:2:      layout_rooms, serial_shops, nicolae_shop_behind_doors, shop, shop,
          minmay_unequal
D:3:      layout_loops_cross, zin_statuary,
          nicolae_concentric_dashed_squares_wild,
          hangedman_decor_diamond_cutter, minmay_misc_feat_alley
D:5:      layout_loops_ring, chequers_avenue

Skill      XL: |  1  2  3  4  5  6  7 |
---------------+----------------------+-----
Stealth        | 2 3 4 6 |  6.0
Dodging        | 3 4 5 |  5.3
Fighting       | 3 4 |  4.8
Short Blades   | 1 2 3 |  3.0
Crossbows      | 6 7 |  7.5

Action                   |  1- 3 |  4- 6 |  7- 9 || total
-------------------------+-------+-------+-------++-------
Melee: Whip              |     7 |     9 |    31 ||    47
       Rapier            |     4 |     4 |       ||     8
 Fire: Hand crossbow     |    83 |    90 |    54 ||   227
  Use: Scroll            |     4 |     3 |     1 ||     8
       Potion            |       |     2 |     2 ||     4
 Stab: Sleeping          |     1 |       |       ||     1
Armor: Leather armour    |    13 |    11 |    17 ||    41
Dodge: Dodged            |    67 |    54 |    68 ||   189

Table legend: (Time is in decaauts)
 A = Elapsed time spent in this place.
 B = Non-inter-level travel time spent in this place.
 C = Inter-level travel time spent in this place.
 D = Time resting spent in this place.
 E = Time spent auto-exploring this place.
 F = Levels seen in this place.
 G = Mean time per level.
                   A        B        C        D        E       F      G
               +--------+--------+--------+--------+--------+-----+--------+
         Total |   3689 |   3657 |     32 |      0 |   3014 |   4 |  922.2 |
       Dungeon |   3689 |   3657 |     32 |      0 |   3014 |   4 |  922.2 |
               +--------+--------+--------+--------+--------+-----+--------+

Top non-repeatable levels by time:
     D:5: 1132 daAuts
     D:2: 1006 daAuts
     D:1: 883 daAuts
     D:3: 666 daAuts
